 Dungeon Crawl Stone Soup version 0.23-a0-182-g58cdd98 (webtiles) character file.

2989 nikopol the Thaumaturge (level 9, -7/48 HPs)
             Began as a Deep Elf Fire Elementalist on Sept 18, 2018.
             Was an Initiate of Vehumet.
             Killed from afar by Erica (19 damage)
             ... with an orb of energy
             ... on level 8 of the Dungeon on Sept 20, 2018.
             The game lasted 00:24:53 (7687 turns).

nikopol the Thaumaturge (DEFE)                      Turns: 7687, Time: 00:24:53

Health: -7/48      AC:  4    Str:  5    XL:     9   Next: 53%
Magic:  5/24       EV: 15    Int: 24    God:    Vehumet [......]
Gold:   461        SH:  0    Dex: 15    Spells: 12/27 levels left

rFire    . . .     SeeInvis .   l - +0 short sword (speed)
rCold    . . .     Gourm    .   (no shield)
rNeg     . . .     Faith    .   x - +0 robe {MR+}
rPois    .         Spirit   .   w - +0 helmet
rElec    .         Reflect  .   f - +0 cloak
rCorr    .         Harm     .   (no gloves)
MR       ++...                  (no boots)
Stlth    +++.......             (no amulet)
HPRegen  0.16/turn              (no ring)
MPRegen  0.19/turn              C - ring of protection from magic

@: no status effects
A: no striking features
a: Renounce Religion


You were on level 8 of the Dungeon.
You worshipped Vehumet.
Vehumet was noncommittal.
You were not hungry.

You visited 2 branches of the dungeon, and saw 9 of its levels.

You collected 461 gold pieces.

Inventory:

Hand Weapons
 l - a +0 short sword of speed (weapon)
Armour
 a - a +0 robe
 f - a +0 cloak (worn)
 w - a +0 helmet (worn)
 x - a +0 robe of magic resistance (worn)
Jewellery
 v - an uncursed ring of ice
 C - a ring of protection from magic (right hand)
Wands
 b - a wand of enslavement (4)
 q - a wand of random effects (33)
 s - a wand of paralysis (18)
 u - a wand of iceblast (15)
 E - a wand of flame (9)
Scrolls
 d - a scroll of magic mapping
 e - 7 scrolls of identify
 j - a scroll of enchant armour {unknown}
 r - 2 scrolls of teleportation
 y - a scroll of immolation
 z - 3 scrolls of amnesia
 B - a scroll of fear {unknown}
Potions
 g - a potion of might
 h - a potion of mutation {unknown}
 i - 2 potions of curing
 k - 3 potions of flight {unknown}
 m - 3 potions of lignification {unknown}
 n - 3 potions of heal wounds {unknown}
 o - a potion of cancellation {unknown}
 p - 5 potions of degeneration {unknown}
 t - 2 potions of agility {unknown}
 A - a potion of experience {unknown}
 D - a potion of ambrosia {unknown}
 F - a potion of haste {unknown}
Comestibles
 c - 20 rations


   Skills:
 + Level 1.9 Fighting
 + Level 5.4 Dodging
 + Level 4.4 Stealth
 + Level 9.9 Spellcasting
 + Level 6.8 Conjurations
 + Level 8.7 Fire Magic


You had 12 spell levels left.
You knew the following spells:

 Your Spells              Type           Power        Failure   Level  Hunger
a - Flame Tongue          Conj/Fire      #####        1%          1    None
b - Throw Flame           Conj/Fire      #####.       1%          2    None
c - Conjure Flame         Conj/Fire      #####...     1%          3    None
d - Sticky Flame          Conj/Fire      #####...     2%          4    #......
e - Fireball              Conj/Fire      #####.....   6%          5    ####...

Your spell library contained the following spells:

 Spells                   Type           Power        Failure   Level  Hunger
 Inner Flame              Hex/Fire       ####....     2%          3    None
 Confusing Touch          Hex            ##....       5%          1    None
 Mephitic Cloud           Conj/Pois/Air  ###.....     6%          3    None
 Poisonous Vapours        Pois/Air       ##....       9%          2    None
 Confuse                  Hex            ##......     16%         3    None
 Gell's Gravitas          Tloc           ##........   16%         3    None
 Petrify                  Tmut/Erth      ##......     47%         4    #......
 Metabolic Englaciation   Hex/Ice        ##........   83%         5    ####...
 Yara's Violent Unravell  Hex/Tmut       ##........   83%         5    ####...
 Freezing Cloud           Conj/Ice/Air   ###.......   97%         6    ######.
 Ring of Flames           Chrm/Fire      ####......   100%        7    #######


Dungeon Overview and Level Annotations

Branches:
Dungeon (8/15)             Temple (1/1) D:6
   Lair: D:8-11

Altars:
Ashenzari
Cheibriados
Dithmenos
Elyvilon
Fedhas
Gozag
Hepliaklqana
Kikubaaqudgha
Makhleb
Nemelex Xobeh
Okawaru
Qazlal
Ru
Sif Muna
Trog
Uskayaw
Vehumet
Wu Jian
Xom
Yredelemnul
Zin
The Shining One

Annotations:
D:8 Erica


Message History

Aiming: Flame Tongue (safe; 1% risk of failure)
Press: ? - help, Shift-Dir - straight line, f/p - Erica
Aim: Erica, wielding a scimitar of flaming and wearing an embroidered robe The flame tongue hits Erica.
Erica resists.
Erica is heavily wounded.
Erica burns!
Erica hits you with a scimitar of flaming!
* * * LOW HITPOINT WARNING * * *
Erica burns you.
* * * LOW HITPOINT WARNING * * *
Casting: Flame Tongue (safe; 1% risk of failure)
Confirm with . or Enter, or press ? or * to list all spells.
Aiming: Fireball (safe; 6% risk of failure)
Press: ? - help, Shift-Dir - straight line, p - Erica The fireball explodes!
The fireball engulfs Erica.
Erica resists.
Erica is severely wounded.
Erica burns!
Erica points at you and mumbles some strange words.
The orb of energy hits you!
You die...

###. # ## ####
#... #.
.##..(# #.#.
#.### .#.....
#.#.
#....#.......
#.##
#.........=
#... #........
#.## #.....@#
.#####.## #..
#@# #........(
#.# #.#
#######.#.
#.###.#
##.#.#.
#.....#
########......
#.#####
#.............
#.#
#......#...###
#.#
#......##.####
####.####
#..........##.
#.......#
#......##..##.


You could see Erica (burning).

Vanquished Creatures
  A two-headed ogre (D:8)
  Joseph (D:8)
  A hungry ghost (D:6)
  Duvessa (D:5)
  A phantom (D:6)
  5 ogres
  A crocodile (D:8)
  A bullfrog (D:7)
  Dowan (D:5)
  A scorpion (D:5)
  3 killer bees (D:7)
  2 howler monkeys
  2 centaur zombies
  2 bullfrog skeletons (D:5)
  Crazy Yiuf (D:2)
  4 hounds
  3 orc priests
  2 centaur skeletons
  Ijyb (D:3)
  3 iguanas
  2 orc wizards (D:7)
  3 worker ants
  Robin (D:4)
  3 adders
  A shadow imp (D:5)
  3 oozes
  2 adder zombies (D:6)
  4 adder skeletons
  3 worms (D:2)
  2 dart slugs
  3 leopard geckos
  12 orcs
  5 giant cockroaches
  25 goblins
  7 hobgoblins
  5 jackals
  8 kobolds
  2 quokkas
  11 bats
  9 frilled lizards
  A giant cockroach zombie (D:6)
  2 gnoll zombies (D:4)
  A jackal skeleton (D:6)
  A leopard gecko zombie (D:5)
  8 rats
161 creatures vanquished.

Notes
Turn   | Place    | Note
-------+----------+-------------------------------------------
     0 | D:1      | nikopol the Deep Elf Fire Elementalist began the quest for
                  | the Orb.
     0 | D:1      | Reached XP level 1. HP: 10/10 MP: 6/6
   103 | D:1      | Reached XP level 2. HP: 15/15 MP: 1/8
   615 | D:1      | Reached XP level 3. HP: 19/19 MP: 7/10
  1373 | D:2      | Found an ornate altar of the Wu Jian Council.
  1502 | D:2      | Reached XP level 4. HP: 22/24 MP: 3/11
  1908 | D:2      | Found a runed door.
  1912 | D:2      | Noticed Crazy Yiuf
  1917 | D:2      | Killed Crazy Yiuf
  1917 | D:2      | Reached skill level 4 in Spellcasting
  1928 | D:2      | Learned a level 2 spell: Throw Flame
  1932 | D:2      | Learned a level 3 spell: Conjure Flame
  1932 | D:2      | Upgraded the game from 0.23-a0-180-ga5275e7 to
                  | 0.23-a0-182-g58cdd98
  2231 | D:3      | Found a sparkling altar of Nemelex Xobeh.
  2284 | D:3      | Noticed Ijyb
  2303 | D:3      | Learned a level 4 spell: Sticky Flame
  2311 | D:3      | Paralysed by Ijyb for 6 turns
  2320 | D:3      | Killed Ijyb
  2320 | D:3      | Reached XP level 5. HP: 14/28 MP: 0/13
  2708 | D:3      | Found a blossoming altar of Fedhas.
  2851 | D:4      | Noticed an ogre
  2861 | D:4      | Killed an ogre
  2861 | D:4      | Reached skill level 5 in Spellcasting
  2945 | D:4      | Reached skill level 5 in Fire Magic
  2945 | D:4      | Reached XP level 6. HP: 32/32 MP: 11/15
  3379 | D:4      | Found a basalt altar of Yredelemnul.
  3628 | D:4      | Noticed Robin
  3641 | D:4      | Killed Robin
  3982 | D:5      | Entered Level 5 of the Dungeon
  4021 | D:5      | Reached XP level 7. HP: 31/37 MP: 8/17
  4045 | D:5      | Learned a level 5 spell: Fireball
  4161 | D:5      | Noticed Dowan
  4165 | D:5      | Noticed Duvessa
  4335 | D:5      | Reached skill level 6 in Spellcasting
  4700 | D:5      | Killed Duvessa
  4700 | D:5      | Reached skill level 7 in Spellcasting
  4714 | D:5      | Killed Dowan
  4924 | D:6      | Reached XP level 8. HP: 42/42 MP: 12/20
  5047 | D:6      | Reached skill level 5 in Conjurations
  5191 | D:6      | Reached skill level 8 in Spellcasting
  5488 | D:6      | Found a staircase to the Ecumenical Temple.
  5506 | Temple   | Entered the Ecumenical Temple
  5551 | Temple   | Became a worshipper of Vehumet
  6211 | D:7      | Found a hide-covered altar of Uskayaw.
  6214 | D:7      | Found an ancient bone altar of Kikubaaqudgha.
  6214 | D:7      | Found a burning altar of Makhleb.
  6214 | D:7      | Found an opulent altar of Gozag.
  6215 | D:7      | Found a stormy altar of Qazlal.
  6216 | D:7      | Found a white marble altar of Elyvilon.
  6367 | D:7      | Reached skill level 1 in Fighting
  6945 | D:8      | Noticed a two-headed ogre
  6952 | D:8      | Noticed Joseph
  6957 | D:8      | Killed a two-headed ogre
  6957 | D:8      | Reached skill level 5 in Dodging
  6957 | D:8      | Reached skill level 9 in Spellcasting
  6957 | D:8      | Reached XP level 9. HP: 48/48 MP: 7/24
  7243 | D:8      | Killed Joseph
  7677 | D:8      | Noticed Erica
  7687 | D:8      | Killed from afar by Erica

Vault maps used:
D:1:      dpeg_arrival_refuge
D:2:      nicolae_overflow_hidden_temple, first_ration, uniq_crazy_yiuf_cottage
D:3:      lemuel_coloured_pillars_altar, fedhas_altar_fruit_tree, uniq_ijyb
D:4:      kennysheep_goblin_castle, lemuel_zombie_altar_yredelemnul
D:5:      uniq_duvessa
D:6:      temple_hall
D:7:      grunt_temple_overflow_open
D:8:      uniq_joseph, uniq_erica
Temple:   cyrus_circular_temple

Skill      XL: |  1  2  3  4  5  6  7  8 |
---------------+-------------------------+-----
Stealth        | 3 4 |  4.4
Fire Magic     | 4 5 6 8 |  8.7
Conjurations   | 2 3 4 6 |  6.8
Spellcasting   | 4 5 7 9 |  9.9
Dodging        | 3 5 |  5.4
Fighting       | 1 |  1.9

Action                   |  1- 3 |  4- 6 |  7- 9 || total
-------------------------+-------+-------+-------++-------
Melee: Short sword       |       |       |    86 ||    86
 Cast: Flame Tongue      |    90 |   146 |   139 ||   375
       Conjure Flame     |       |     1 |     6 ||     7
       Sticky Flame      |       |     2 |    19 ||    21
       Throw Flame       |       |     2 |     4 ||     6
       Fireball          |       |       |     8 ||     8
  Use: Scroll            |       |       |     9 ||     9
  Eat: Chunk             |     2 |     7 |     8 ||    17
       Ration            |       |       |     2 ||     2
Armor: Robe              |     8 |     4 |    24 ||    36
Dodge: Dodged            |    11 |    32 |    60 ||   103

Table legend:
 A = Non-vault XP
 B = Vault XP
 C = Vault XP percentage of total XP
 D = Non-vault monster count
 E = Vault monster count
 F = Vault count percentage of total count
                 A         B        C        D         E       F
            +---------+---------+-------+---------+---------+-------
      Total |    3459 |     812 |  19.0 |     134 |      27 |  16.8
            +---------+---------+-------+---------+---------+-------
        D:1 |      53 |       0 |   0.0 |      29 |       0 |   0.0
        D:2 |      65 |      42 |  39.3 |      24 |       1 |   4.0
        D:3 |      53 |      36 |  40.4 |      22 |       1 |   4.3
        D:4 |     375 |      53 |  12.4 |       9 |      22 |  71.0
        D:5 |     515 |     221 |  30.0 |      13 |       2 |  13.3
        D:6 |     628 |       0 |   0.0 |      15 |       0 |   0.0
        D:7 |     696 |       0 |   0.0 |      18 |       0 |   0.0
        D:8 |    1074 |     460 |  30.0 |       4 |       1 |  20.0
            +---------+---------+-------+---------+---------+-------
